 Dungeon Crawl Stone Soup version 0.30-a0-1-g69b7b797bf (webtiles) character file.

Game seed: 17501528934455190956

16679 PentaManta the Grappler (level 12, -2/105 HPs)
             Began as a Troll Abyssal Knight on Aug 19, 2022.
             Was the Champion of Lugonu.
             Slain by a nine-headed hydra (6 damage)
             ... on level 2 of the Lair of Beasts.
             The game lasted 00:31:33 (10345 turns).

PentaManta the Grappler (Troll Abyssal Knight)     Turns: 10345, Time: 00:31:34

Health: -2/105     AC: 12    Str: 24    XL:     12   Next: 12%
Magic:  17/17      EV:  8    Int: 10    God:    Lugonu [******]
Gold:   440        SH: 15    Dex: 10    Spells: 11/11 levels left

rFire   + . .      SeeInvis .      - Unarmed
rCold   . . .      Faith    .    q - +0 kite shield
rNeg    . . .      Spirit   .    U - +0 acid dragon scales
rPois   +          Reflect  +    N - +1 hat
rElec   .          Harm     .    R - +2 cloak
rCorr   +          Rampage  .    (gloves unavailable)
Will    .....                    (boots unavailable)
Stlth   +.........               g - amulet of reflection
HPRegen 1.07/turn                B - ring of protection from fire
MPRegen 0.15/turn                J - ring of poison resistance

@: no status effects
A: large, unfitting armour, claws 3, regeneration 1, shaggy fur 1, tough skin 1
a: Renounce Religion, Depart the Abyss, Bend Space, Banish, Corrupt, Enter the
Abyss, Brand Weapon With Distortion


You were on level 2 of the Lair of Beasts.
You worshipped Lugonu.
Lugonu was exalted by your worship.
You visited 3 branches of the dungeon, and saw 14 of its levels.
You visited the Abyss 1 time.
You also visited: Sewer and Ossuary.

You collected 777 gold pieces.
You spent 337 gold pieces at shops.

Inventory:

Hand Weapons
 P - the +6 sling "Elom Medgh" {flame, Drain rC+ Will++}
   (You found it on level 3 of the Dungeon)

   Any ammunition fired from it burns those it strikes, dealing additional fire
   damage.
   rC:        It protects you from cold.
   Drain:     It drains your maximum health when unequipped.
   Will:      It greatly increases your willpower.
Missiles
 h - 9 boomerangs
 r - 3 curare-tipped darts
 v - 27 poisoned darts
 O - 6 throwing nets
 Q - 2 large rocks (quivered)
Armour
 o - a scarf of shadows
 q - a +0 kite shield (worn)
 D - a +1 robe of willpower
 N - a +1 hat (worn)
 R - a +2 cloak (worn)
 U - +0 acid dragon scales (worn)
Jewellery
 c - a ring of protection from cold
 g - an amulet of reflection (around neck)
 m - an amulet of the acrobat
 B - a ring of protection from fire (left claw)
 J - a ring of poison resistance (right claw)
 M - a ring of wizardry
 V - a ring of fire
 X - an amulet of magic regeneration
Wands
 p - a wand of light (5)
 A - a wand of flame (8)
 T - a wand of paralysis (5)
 W - a wand of digging (3)
 Y - a wand of mindburst (7)
Scrolls
 a - 2 scrolls of brand weapon {unknown}
 b - 6 scrolls of enchant weapon
 k - 3 scrolls of fog
 t - 2 scrolls of vulnerability {unknown}
 x - 2 scrolls of poison {unknown}
 y - 2 scrolls of magic mapping
 C - 2 scrolls of noise {unknown}
 G - 4 scrolls of teleportation
 H - a scroll of silence
 I - 3 scrolls of amnesia {unknown}
 K - 2 scrolls of enchant armour {unknown}
 L - 4 scrolls of immolation
Potions
 d - a potion of degeneration {unknown}
 e - 5 potions of flight
 f - 3 potions of ambrosia {unknown}
 i - a potion of brilliance
 j - 6 potions of curing
 l - 2 potions of magic {unknown}
 n - 2 potions of mutation
 s - 2 potions of might
 u - a potion of lignification
 z - 4 potions of haste
 E - a potion of cancellation
 F - 4 potions of attraction
 Z - a potion of resistance {unknown}


   Skills:
 + Level 3.4 Fighting
 + Level 8.7 Throwing
 - Level 2.0 Dodging
 - Level 10.0 Shields
 - Level 11.0 Unarmed Combat
 - Level 8.0 Invocations


You had 11 spell levels left.
You didn't know any spells.
Your spell library contained the following spells:

 Spells                   Type           Power      Damage    Failure   Level
 Apportation              Tloc           0%         N/A       65%         1
 Magic Dart               Conj           0%         1d3       65%         1
 Necrotise                Necr           0%         1d4       65%         1
 Summon Small Mammal      Summ           0%         N/A       65%         1
 Blink                    Tloc           0%         N/A       80%         2
 Call Imp                 Summ           0%         N/A       80%         2
 Searing Ray              Conj           0%         2d4       80%         2
 Gell's Gravitas          Tloc           0%         N/A       95%         3
 Lesser Beckoning         Tloc           0%         N/A       95%         3
 Mephitic Cloud           Conj/Pois/Air  0%         N/A       95%         3
 Teleport Other           Tloc           0%         N/A       95%         3
 Fulminant Prism          Conj/Hex       0%         3d6       100%        4
 Manifold Assault         Tloc           0%         N/A       100%        5
 Storm Form               Tmut/Air       0%         N/A       100%        7


Dungeon Overview and Level Annotations

Branches:
Dungeon (11/15)            Temple (1/1) D:5            Lair (2/5) D:8
  Snake (0/4) Lair:2          Orc (0/2) D:10          Sewer (visited)
Ossuary (visited)
  Swamp: Lair:2-3    Shoals: Lair:2-3

Altars:
Ashenzari
Cheibriados
Dithmenos
Elyvilon
Fedhas
Gozag
Hepliaklqana
Kikubaaqudgha
Makhleb
Nemelex Xobeh
Okawaru
Qazlal
Ru
Sif Muna
Trog
Uskayaw
Vehumet
Wu Jian
Xom
Yredelemnul
Zin
The Shining One

Shops:
D:3 [*

Annotations:
D:9 2 transporters, flestrin's ghost, novice DsNe
D:10 Erolcha


Innate Abilities, Weirdness & Mutations

You are too large for most types of armour.
You have claws for hands.
Your natural rate of healing is unusually fast.
You are covered in fur. (AC +1)
You have tough skin. (AC +1)


Message History

Aim: a nine-headed hydra (heavily wounded, 79% to hit)
You throw a large rock.
The large rock hits the nine-headed hydra!
The nine-headed hydra is severely wounded.
The bullfrog hits you but does no damage. x2
The nine-headed hydra bites you!
You block the nine-headed hydra's attack. x2
The nine-headed hydra bites you. x2; The nine-headed hydra bites you!
* * * LOW HITPOINT WARNING * * *
The nine-headed hydra bites you but does no damage. x3
Unknown command.
Throw: 3 large rocks
Press: ? - help, Q - select action, (/) - cycle Shift-Dir - straight line, f/p - nine-headed hydra
Aim: a nine-headed hydra (severely wounded, 79% to hit)
You throw a large rock.
The large rock barely misses the nine-headed hydra.
The bullfrog hits you but does no damage.
The bullfrog hits you.
* * * LOW HITPOINT WARNING * * *
The nine-headed hydra barely misses you.
The nine-headed hydra bites you but does no damage.
You block the nine-headed hydra's attack. x2
The nine-headed hydra bites you but does no damage.
The nine-headed hydra closely misses you.
You block the nine-headed hydra's attack.
The nine-headed hydra bites you but does no damage.
The nine-headed hydra bites you.
* * * LOW HITPOINT WARNING * * *
The bullfrog barely misses you. The nine-headed hydra bites you.
* * * LOW HITPOINT WARNING * * *
The nine-headed hydra closely misses you.
The nine-headed hydra barely misses you.
The nine-headed hydra bites you.
* * * LOW HITPOINT WARNING * * *
The nine-headed hydra bites you.
* * * LOW HITPOINT WARNING * * *
The nine-headed hydra bites you.
* * * LOW HITPOINT WARNING * * *
The nine-headed hydra bites you.
You die...

###..#....### #
.#....#...## #......( #
...........#####........
Y............P#.........
........................
...........<............
...............S.S......
...>...........F#D...P..
.<..............@#
)..............###
...............#
..........#...##
.†#......#....##
.Y##.........#.##
.............##.#
........##...####
.#####......##


You could see a nine-headed hydra, a black mamba, a water moccasin and a
bullfrog.

Vanquished Creatures
  A catoblepas (Lair:2)
  Harold (Lair:1)
  4 death yaks
  2 black mambas
  3 cane toads
  4 rime drakes
  3 komodo dragons (Lair:1)
  A troll (D:9)
  2 hornets
  A shadow (D:10)
  A wraith (Ossuary)
  18 yaks
  A wyvern (D:9)
  A basilisk (Lair:1)
  A steam dragon (D:10)
  5 water moccasins
  Menkaure (D:7)
  2 acid dragons
  3 ice beasts
  A sky beast (D:6)
  4 orc warriors
  3 black bears
  3 wolves (Lair:2)
  An ogre (D:6)
  A phantom (D:4)
  2 kobold brigands (Sewer)
  3 elf skeletons (D:5)
  A necrophage (D:5)
  9 bullfrogs
  6 scorpions
  A water moccasin zombie (Ossuary)
  4 wights (D:9)
  A killer bee (D:9)
  2 electric eels (D:10)
  5 howler monkeys
  5 centaur zombies (Ossuary)
  2 bullfrog zombies (Ossuary)
  A hound (D:5)
  3 jellies
  A gnoll bouda (D:7)
  7 orc priests
  Terence (D:3)
  Jessica (D:2)
  A scorpion zombie (Ossuary)
  11 orc wizards
  14 adders
  7 gnolls
  2 river rats (Sewer)
  A shadow imp (D:8)
  2 ufetubi (D:5)
  4 adder zombies (Ossuary)
  5 worms
  4 dart slugs
  30 orcs
  8 ball pythons
  3 bats
  6 endoplasms
  7 giant cockroaches
  10 goblins
  7 hobgoblins
  11 jackals
  7 kobolds
  6 quokkas
  2 frilled lizards
  2 gnoll zombies (Ossuary)
  7 hobgoblin zombies (Ossuary)
  3 orc skeletons (D:5)
  4 orc zombies (Ossuary)
  7 rats
294 creatures vanquished.

Vanquished Creatures (others)
  3 fungi
  6 plants (Lair:2)
9 creatures vanquished.

Grand Total: 303 creatures vanquished

Notes
Turn   | Place    | Note
-------+----------+-------------------------------------------
     0 | Abyss:1  | PentaManta the Troll Abyssal Knight began the quest for the
                  | Orb.
     0 | Abyss:1  | Reached XP level 1. HP: 22/22 MP: 1/1
     3 | D:1      | Escaped the Abyss
   201 | D:1      | Reached XP level 2. HP: 29/29 MP: 2/2
   480 | D:1      | Reached skill level 3 in Unarmed Combat
   832 | D:2      | Reached XP level 3. HP: 34/36 MP: 3/3
   919 | D:2      | Noticed Jessica
   922 | D:2      | Killed Jessica
   923 | D:2      | Reached skill level 4 in Unarmed Combat
   924 | D:2      | Reached XP level 4. HP: 42/44 MP: 4/4
   949 | D:2      | Reached *** piety under Lugonu
  1092 | D:2      | Found a shimmering altar of Xom.
  1246 | D:2      | Reached skill level 5 in Unarmed Combat
  1313 | D:2      | Found a faded altar of an unknown god.
  1519 | D:3      | Reached XP level 5. HP: 50/50 MP: 5/5
  1618 | D:3      | Found Ineology's General Store.
  1623 | D:3      | Bought a +0 kite shield for 45 gold pieces
  1639 | D:3      | Noticed Terence
  1645 | D:3      | Killed Terence
  1712 | D:4      | Reached **** piety under Lugonu
  1806 | D:4      | Reached skill level 6 in Unarmed Combat
  2018 | D:4      | Found a glowing drain.
  2034 | Sewer    | Entered a sewer
  2103 | Sewer    | Reached XP level 6. HP: 59/59 MP: 6/6
  2118 | Sewer    | Reached skill level 7 in Unarmed Combat
  2146 | Sewer    | Found a white marble altar of Elyvilon.
  2685 | D:4      | Noticed an orc warrior
  2740 | D:4      | Reached XP level 7. HP: 66/66 MP: 7/7
  2754 | D:4      | Reached skill level 1 in Shields
  2777 | D:4      | Reached skill level 8 in Unarmed Combat
  2841 | D:3      | Found Sadom's Antique Armour Emporium.
  2910 | D:3      | Reached ***** piety under Lugonu
  2996 | D:3      | Identified the +6 sling "Elom Medgh" {flame, Drain rC+
                  | Will++}
  3311 | D:5      | Entered Level 5 of the Dungeon
  3604 | D:5      | Reached XP level 8. HP: 73/74 MP: 8/8
  3622 | D:5      | Found a staircase to the Ecumenical Temple.
  3768 | D:5      | Found a sand-covered staircase.
  3773 | Ossuary  | Entered an ossuary
  3863 | Ossuary  | Reached skill level 9 in Unarmed Combat
  3972 | Ossuary  | Reached skill level 5 in Shields
  3972 | Ossuary  | Noticed a silent spectre
  4043 | D:5      | Reached skill level 10 in Unarmed Combat
  4571 | Temple   | Entered the Ecumenical Temple
  4963 | D:6      | Reached XP level 9. HP: 70/80 MP: 9/9
  5460 | D:7      | Identified the +3 trident of the Endless March {venom,
                  | Str+4 Dex+3}
  5585 | D:7      | Reached skill level 11 in Unarmed Combat
  5810 | D:7      | Noticed Menkaure
  5815 | D:7      | Killed Menkaure
  6414 | D:8      | Found a staircase to the Lair.
  6710 | D:8      | Reached ****** piety under Lugonu
  6877 | D:8      | Reached XP level 10. HP: 77/88 MP: 11/11
  6979 | D:8      | Found an ancient bone altar of Kikubaaqudgha.
  7146 | D:9      | Paralysed by a hornet for 3 turns
  7148 | D:9      | HP: 4/88 [hornet (14)]
  7151 | D:9      | HP: 1/88 [hornet (15)]
  7176 | D:9      | Reached skill level 5 in Invocations
  7272 | D:9      | Noticed a moth of wrath
  7273 | D:9      | Noticed flestrin's ghost (novice DsNe)
  7274 | D:9      | Noticed a manticore
  7283 | D:9      | Found a transporter.
  7573 | D:9      | Found a transporter.
  7722 | D:10     | Entered Level 10 of the Dungeon
  7833 | D:10     | Noticed Erolcha
  7968 | D:3      | Bought a +1 robe of willpower for 127 gold pieces
  7968 | D:3      | Bought a scroll of silence for 95 gold pieces
  7968 | D:3      | Bought a scroll of fog for 40 gold pieces
  7968 | D:3      | Bought a potion of curing for 30 gold pieces
  8233 | D:10     | Found a staircase to the Orcish Mines.
  8396 | D:10     | Identified the +0 helmet of Defence {+Inv rElec rCorr}
  8499 | D:11     | Noticed a manticore
  8548 | D:10     | Reached skill level 10 in Shields
  8739 | Lair:1   | Entered Level 1 of the Lair of Beasts
  8748 | Lair:1   | Noticed a black mamba
  8759 | Lair:1   | Killed a black mamba
  8827 | Lair:1   | Reached skill level 1 in Throwing
  8827 | Lair:1   | Reached XP level 11. HP: 74/97 MP: 14/14
  8937 | Lair:1   | Noticed a seven-headed hydra
  8947 | Lair:1   | Banished a seven-headed hydra
  9023 | Lair:1   | Noticed Harold
  9033 | Lair:1   | Killed Harold
  9084 | Lair:1   | Noticed a death yak
  9086 | Lair:1   | Noticed a death yak
  9087 | Lair:1   | Reached skill level 5 in Throwing
  9087 | Lair:1   | Noticed a death yak
  9087 | Lair:1   | Noticed a death yak
  9087 | Lair:1   | Noticed a death yak
  9097 | Lair:1   | Noticed a death yak
  9270 | Lair:1   | Killed a death yak
  9332 | Lair:2   | Killed a death yak
  9759 | Lair:2   | Killed a death yak
  9776 | Lair:2   | Killed a death yak
  9776 | Lair:2   | Found a staircase to the Snake Pit.
  9994 | Lair:2   | Reached XP level 12. HP: 97/105 MP: 17/17
 10163 | Lair:2   | Noticed a catoblepas
 10214 | Lair:2   | HP: 5/105 [catoblepas (17)]
 10223 | Lair:2   | Killed a catoblepas
 10339 | Lair:2   | Noticed an eight-headed hydra
 10345 | Lair:2   | HP: 5/105 [nine-headed hydra (5)]
 10345 | Lair:2   | Slain by a nine-headed hydra

Illustrated notes

Levels and vault maps discovered:
D:1:      dpeg_arrival_rooms_a, layout_loops_ring, minmay_tall_x
D:2:      layout_loops_cross, shapermc_ecumenical_altar_venn, basic_altar,
          kennysheep_pointless_box, uniq_jessica
D:3:      layout_loops_ring, serial_shops, nicolae_shop_behind_doors,
          nicolae_shop_hallway_plus, uniq_terence
D:4:      minmay_clustersquares, layout_gridville, gup_sewer_entry_pipe,
          hangedman_decor_peaks_small, kennysheep_cluttered_room,
          dreamdust_wishing_well, minmay_misc_feat_secret_circle
D:5:      layout_basic, minmay_temple_entry_ruins,
          nicolae_ossuary_entry_catacombs, kennysheep_path_1, abandoned_shop,
          st_stairs_11
D:6:      layout_gridville
D:7:      layout_loops_ring, uniq_menkaure
D:8:      layout_loops_cross, kiku_gazebo_garden_becter
D:9:      layout_cave_pools, gammafunk_ghost_berserking_beasts, minmay_circle_x
D:10:     layout_basic, orc_0_dummy, serial_glass, glass_columns_c,
          glass_columns_a, uniq_erolcha, uniq_maurice
D:11:     layout_small_grid, serial_shops, nicolae_shop_bloodbath_and_beyond,
          uniq_lodul
Temple:   nicolae_temple_the_god_donut
Lair:1:   layout_cave_shapes, uniq_harold
Lair:2:   layout_cave_pods, dummy_snake_entry, nicolae_lair_grazing_beasts
          [nicolae_sub_lair_graze_edge, nicolae_sub_lair_graze_edge,
          nicolae_sub_lair_graze_edge, nicolae_sub_lair_graze_edge]

Skill      XL: |  1  2  3  4  5  6  7  8  9 10 11 |
---------------+----------------------------------+-----
Unarmed Combat | 3 4 5 6 7 8 10 11 | 11.0
Dodging        | 2 |  2.0
Shields        | 3 5 7 10 | 10.0
Invocations    | 3 6 8 |  8.0
Fighting       | 3 |  3.4
Throwing       | 1 8 |  8.7

Action                   |  1- 3 |  4- 6 |  7- 9 | 10-12 || total
-------------------------+-------+-------+-------+-------++-------
Melee: Unarmed           |    65 |   193 |   377 |   388 ||  1023
       Punch             |       |     3 |       |       ||     3
Throw: Large rock        |       |       |       |     5 ||     5
Invok: Banish            |       |       |       |     2 ||     2
       Bend Space        |       |       |       |     1 ||     1
Evoke: Wand              |       |       |       |     1 ||     1
  Use: Scroll            |       |     3 |       |    15 ||    18
       Potion            |       |       |       |    17 ||    17
 Stab: Sleeping          |     1 |       |       |     2 ||     3
       Invisible         |       |       |       |     8 ||     8
       Held in net/web   |       |       |       |     2 ||     2
Armor: Robe              |    11 |    36 |    95 |    37 ||   179
       Acid dragon scale |       |       |       |    56 ||    56
Dodge: Dodged            |    31 |    73 |    71 |    94 ||   269
Block: Other             |     7 |    35 |       |       ||    42
       Kite shield       |       |       |   198 |   281 ||   479
       Reflection        |       |       |     3 |     6 ||     9

Table legend: (Time is in decaauts)
 A = Elapsed time spent in this place.
 B = Non-inter-level travel time spent in this place.
 C = Inter-level travel time spent in this place.
 D = Time resting spent in this place.
 E = Time spent auto-exploring this place.
 F = Levels seen in this place.
 G = Mean time per level.
                   A        B        C        D        E       F      G
               +--------+--------+--------+--------+--------+-----+--------+
         Total |  10308 |   9296 |   1012 |    310 |   5840 |  17 |  606.4 |
       Dungeon |   8124 |   7122 |   1002 |    196 |   4687 |  11 |  738.5 |
        Temple |    246 |    236 |     10 |      0 |    220 |   1 |  246.0 |
          Lair |   1525 |   1525 |      0 |    114 |    830 |   2 |  762.5 |
         Abyss |      3 |      3 |      0 |      0 |      0 |   1 |    3.0 |
         Sewer |    172 |    172 |      0 |      0 |    102 |   1 |  172.0 |
       Ossuary |    236 |    236 |      0 |      0 |      1 |   1 |  236.0 |
               +--------+--------+--------+--------+--------+-----+--------+

Top non-repeatable levels by time:
     D:5: 1150 daAuts
     D:4: 1122 daAuts
  Lair:2: 1047 daAuts
     D:8: 818 daAuts
     D:3: 808 daAuts
     D:1: 794 daAuts
     D:9: 782 daAuts
     D:7: 744 daAuts
     D:2: 679 daAuts
    D:10: 670 daAuts
     D:6: 552 daAuts
  Lair:1: 478 daAuts
  Temple: 246 daAuts
 Ossuary: 236 daAuts
   Sewer: 172 daAuts
